 Dungeon Crawl Stone Soup version 0.27-a0-291-gd9602db6ee (webtiles) character file.

Game seed: 4485534435677404412

502 lessens the Spear-Bearer (level 7, -5/41 HPs)
             Began as a Tengu Delver on Feb 9, 2021.
             Was a Follower of Okawaru.
             Slain by an orc
             ... wielding a +0 war axe
              (14 damage)
             ... on level 5 of the Dungeon.
             The game lasted 00:05:05 (4498 turns).

lessens the Spear-Bearer (Tengu Delver)             Turns: 4498, Time: 00:05:06

Health: -5/41      AC:  4    Str: 15    XL:     7   Next: 17%
Magic:  8/8        EV: 12    Int: 10    God:    Okawaru [*.....]
Gold:   180        SH:  0    Dex: 15    Spells: 6/6 levels left

rFire    . . .     SeeInvis .   r - +0 dagger (venom)
rCold    . . .     Faith    .   (no shield)
rNeg     . . .     Spirit   .   b - +0 leather armour
rPois    .         Reflect  .   (helmet restricted)
rElec    .         Harm     .   q - +0 cloak
rCorr    .         Rampage  .   (no gloves)
Will     .....                  (boots unavailable)
Stlth    +++.......             (no amulet)
HPRegen  0.13/turn              (no ring)
MPRegen  0.11/turn              (no ring)

@: no status effects
A: beak, talons 3, able to fly
a: Fly, Renounce Religion, Heroism


You were on level 5 of the Dungeon.
You worshipped Okawaru.
Okawaru was aware of your devotion.
You visited 1 branch of the dungeon, and saw 7 of its levels.

You collected 180 gold pieces.

Inventory:

Hand Weapons
 a - a +0 spear
 r - a +0 dagger of venom (weapon)
Missiles
 i - 125 stones (quivered)
 v - 3 silver boomerangs
Armour
 b - a +0 leather armour (worn)
 q - a +0 cloak (worn)
Wands
 g - a wand of digging (3)
Scrolls
 c - a scroll of fog
 d - 3 scrolls of magic mapping
 e - a scroll of fear
 f - a scroll of enchant weapon {unknown}
 h - 7 scrolls of teleportation {unknown}
 l - 2 scrolls of remove curse {unknown}
 n - 4 scrolls of identify {unknown}
 o - 2 scrolls of blinking {unknown}
 s - a scroll of enchant armour {unknown}
 w - a scroll of amnesia {unknown}
Potions
 j - a potion of magic {unknown}
 k - 3 potions of curing
 m - 3 potions of brilliance {unknown}
 p - a potion of heal wounds
 t - a potion of degeneration {unknown}
 u - 2 potions of flight {unknown}
 x - a potion of mutation {unknown}


   Skills:
 - Level 3.0 Fighting
 + Level 8.3 Polearms
 - Level 2.1 Dodging
 - Level 5.0 Stealth


You had 6 spell levels left.
You didn't know any spells.
Your spell library contained the following spells:

 Spells                   Type           Power        Failure   Level
 Corona                   Hex            0%           43%         1
 Ensorcelled Hibernation  Hex/Ice        0%           56%         2
 Confusing Touch          Hex            0%           80%         3
 Dazzling Flash           Conj/Hex       0%           80%         3
 Tukima's Dance           Hex            0%           80%         3


Dungeon Overview and Level Annotations

Branches:
Dungeon (7/15)
 Temple: D:4-7

Altars:
Dithmenos
Gozag
Kikubaaqudgha
Okawaru
Uskayaw

Annotations:
D:7 Joseph


Innate Abilities, Weirdness & Mutations

You have a beak for a mouth.
You have claws for feet.
You can fly continuously.


Message History

The centaur wields a cursed -1 shortbow.
The centaur shoots an arrow.
The arrow hits you but does no damage. The orc barely misses you.
You hit the orc.
The orc is poisoned.
The orc is moderately wounded.
The centaur shoots an arrow.
The arrow closely misses you.
The orc wizard gestures at you while chanting.
The puff of flame hits you!
The orc wizard points at itself and mumbles some strange words.
The orc wizard flickers and vanishes!
Deactivating autopickup; reactivate with Ctrl-A.
The orc misses you.
The centaur shoots an arrow.
The arrow closely misses you.
You barely miss the orc. You peck the orc.
The orc is heavily wounded.
The orc hits you but does no damage.
The centaur shoots an arrow.
The arrow hits you!
The centaur shoots an arrow.
The arrow hits you.
* * * LOW HITPOINT WARNING * * *
The orc hits you with a +0 war axe!
You die...

##### ....#
############### ....#
..............# ....#
..............# ....#
............# ....#
............#
....##########.....>...#
.............#........##
.............#.o@.....##
##+#.........'.........#
+.........#.........#
#......$..#.........#
#........o#o).....).#
#.........#......<..#
#..$......#..{.....##
#.........#........#
#...$.....#.....c...


You could see an orc wizard and an orc (berserk, poisoned).

Vanquished Creatures
  2 centaurs
  A hound (D:4)
  2 orc priests (D:3)
  A centaur skeleton (D:4)
  A worker ant (D:4)
  A hound skeleton (D:7)
  A worker ant zombie (D:7)
  7 adders
  2 oozes
  An adder zombie (D:7)
  2 worms
  A dart slug (D:1)
  2 leopard geckos
  17 orcs
  7 giant cockroaches
  9 goblins
  2 hobgoblins
  3 quokkas
  4 ball pythons
  2 bats
  6 frilled lizards
  10 kobolds
  5 rats
89 creatures vanquished.

Notes
Turn   | Place    | Note
-------+----------+-------------------------------------------
     0 | D:5      | lessens the Tengu Delver began the quest for the Orb.
     0 | D:5      | Reached XP level 1. HP: 14/14 MP: 2/2
    56 | D:4      | Noticed a hound
    62 | D:4      | Killed a hound
    63 | D:4      | Reached skill level 3 in Polearms
    63 | D:4      | Reached XP level 2. HP: 6/19 MP: 3/3
    63 | D:4      | Reached XP level 3. HP: 7/23 MP: 4/4
   461 | D:3      | Reached skill level 4 in Polearms
   496 | D:3      | Found an iron altar of Okawaru.
   496 | D:3      | Found an opulent altar of Gozag.
   496 | D:3      | Found an ancient bone altar of Kikubaaqudgha.
   496 | D:3      | Found a shadowy altar of Dithmenos.
   499 | D:3      | Found a hide-covered altar of Uskayaw.
   502 | D:3      | Became a worshipper of Warmaster Okawaru
   901 | D:1      | Reached XP level 4. HP: 28/28 MP: 5/5
  1793 | D:2      | Reached skill level 5 in Polearms
  2395 | D:2      | Gained mutation: You can fly continuously. [Tengu growth]
  2395 | D:2      | Reached XP level 5. HP: 23/32 MP: 6/6
  2766 | D:3      | Reached skill level 6 in Polearms
  2771 | D:3      | HP: 1/32 [orc priest/divine providence (13)]
  3594 | D:4      | Reached XP level 6. HP: 26/37 MP: 7/7
  3833 | D:4      | Reached skill level 7 in Polearms
  3969 | D:4      | You fall into a shaft and drop 3 floors!
  4035 | D:7      | Reached * piety under Okawaru
  4041 | D:7      | Noticed Joseph
  4215 | D:6      | Reached skill level 8 in Polearms
  4215 | D:6      | Reached XP level 7. HP: 15/41 MP: 8/8
  4498 | D:5      | Slain by an orc

Illustrated notes

Levels and vault maps discovered:
D:1:      dpeg_arrival_brainrot, layout_basic, st_stairs_3,
          minmay_misc_feat_more_columns
D:2:      layout_basic, minmay_pentomino_v2
D:3:      layout_basic, minitemple, wad_orctagon
D:4:      layout_basic, general_overflow_altar, minmay_temple_entry_waves,
          minmay_snake_closets
D:5:      layout_gridville, gammafunk_ghost_cemetery
D:6:      minmay_octagon_keep, layout_basic, tgw_trog, uniq_grinder
D:7:      minmay_blocky_corners, layout_basic, uniq_joseph, uniq_menkaure,
          uniq_harold

Skill      XL: |  1  2  3  4  5  6 |
---------------+-------------------+-----
Polearms       | 3 4 5 6 8 |  8.3
Fighting       | |  3.0
Dodging        | |  2.1
Stealth        | |  5.0

Action                   |  1- 3 |  4- 6 |  7- 9 || total
-------------------------+-------+-------+-------++-------
Melee: Spear             |    42 |    30 |       ||    72
       Kick              |    10 |    54 |     2 ||    66
       Peck              |     4 |    29 |     1 ||    34
       Dagger            |       |   127 |     6 ||   133
Throw: Stone             |     5 |       |       ||     5
  Use: Potion            |       |     3 |       ||     3
 Stab: Sleeping          |     7 |    15 |       ||    22
Armor: Leather armour    |     3 |    21 |     4 ||    28
Dodge: Dodged            |    16 |    80 |     5 ||   101

Table legend: (Time is in decaauts)
 A = Elapsed time spent in this place.
 B = Non-inter-level travel time spent in this place.
 C = Inter-level travel time spent in this place.
 D = Time resting spent in this place.
 E = Time spent auto-exploring this place.
 F = Levels seen in this place.
 G = Mean time per level.
                   A        B        C        D        E       F      G
               +--------+--------+--------+--------+--------+-----+--------+
         Total |   4471 |   4296 |    175 |    424 |   2986 |   7 |  638.7 |
       Dungeon |   4471 |   4296 |    175 |    424 |   2986 |   7 |  638.7 |
               +--------+--------+--------+--------+--------+-----+--------+

Top non-repeatable levels by time:
     D:3: 1295 daAuts
     D:2: 978 daAuts
     D:1: 921 daAuts
     D:4: 734 daAuts
     D:6: 274 daAuts
     D:7: 220 daAuts
     D:5: 47 daAuts
